 Dungeon Crawl Stone Soup version 0.22-a0-240-g539252a (webtiles) character file.

14901 wolfsongas the Thaumaturge (level 12, -1/94 HPs)
             Began as a Gnoll Skald on Feb 22, 2018.
             Was an Initiate of Gozag.
             Slain by a deep elf annihilator
             ... wielding a +1 short sword of electrocution
              (13 damage)
             ... on level 11 of the Dungeon.
             The game lasted 00:21:46 (9362 turns).

wolfsongas the Thaumaturge (Gnoll Skald)            Turns: 9362, Time: 00:21:47

Health: -1/94      AC: 23    Str: 22    XL:     12   Next: 21%
Magic:  24/24      EV: 14    Int: 21    God:    Gozag
Gold:   1243       SH:  8    Dex: 18    Spells: 25/28 levels left

rFire    . . .     SeeInvis +   w - +10 mace of Infection {flame, Str+4 Dex+4}
rCold    + . .     Gourm    .   d - +2 buckler
rNeg     . . .     Faith    .   v - +7 plate armour of the Unseen Realm {SInv}
rPois    .         Spirit   .   E - +2 helmet of Defiance {Int+2}
rElec    .         Reflect  .   (no cloak)
rCorr    .         Harm     .   (no gloves)
MR       .....                  s - +2 pair of boots {run}
Stlth    ..........             b - amulet of the acrobat
HPRegen  0.25/turn              g - +3 ring of slaying
MPRegen  0.19/turn              D - ring of protection from cold

@: corroded, gold aura, quick
A: distributed training, fangs 1, repulsion field 2, blurry vision 1, strong 1,
evolution 1, strong nose
a: Potion Petition, Call Merchant, Bribe Branch, Renounce Religion


You were on level 11 of the Dungeon.
You worshipped Gozag.
Gozag was most pleased with you.
You were not hungry.

You visited 2 branches of the dungeon, and saw 12 of its levels.

You collected 1828 gold pieces.
You spent 489 gold pieces at shops.
You paid 96 gold pieces to Gozag.

Inventory:

Hand Weapons
 w - the +10 mace of Infection (weapon) {flame, Str+4 Dex+4}
   (You found it on level 7 of the Dungeon)

   It has been specially enchanted to burn those struck by it, causing extra
   injury to most foes and up to half again as much damage against particularly
   susceptible opponents.
   It affects your strength (+4).
   It affects your dexterity (+4).
 x - a +2 arbalest of flaming
Armour
 d - a +2 buckler (worn)
 s - a +2 pair of boots of running (worn)
 v - the +7 plate armour of the Unseen Realm (worn) {SInv}
   (You found it on level 4 of the Dungeon)

   It lets you see invisible.
 E - the +2 helmet of Defiance (worn) {Int+2}
   (You bought it in a shop on level 10 of the Dungeon)

   It affects your intelligence (+2).
Jewellery
 a - an uncursed ring of poison resistance
 b - an amulet of the acrobat (around neck)
 g - a +3 ring of slaying (left hand)
 h - a +3 ring of strength
 D - a ring of protection from cold (right hand)
Wands
 p - a wand of disintegration (14)
 u - a wand of scattershot (5)
Scrolls
 e - 5 scrolls of remove curse
 f - 3 scrolls of enchant weapon
 j - 5 scrolls of magic mapping
 k - 3 scrolls of enchant armour
 o - 2 scrolls of teleportation
 r - 3 scrolls of amnesia
 A - a scroll of fear
 B - a scroll of fog
 C - a scroll of torment
Potions
 l - 4 potions of flight
 m - a potion of lignification
 n - 3 potions of curing
 q - a potion of magic
 t - 2 potions of cancellation
 z - a potion of brilliance
Miscellaneous
 i - a phantom mirror
Comestibles
 c - 16 rations


   Skills:
 + Level 8.4 Fighting
 + Level 6.9 Short Blades
 + Level 6.9 Long Blades
 + Level 6.9 Axes
 + Level 8.4 Maces & Flails
 + Level 6.9 Polearms
 + Level 6.9 Staves
 + Level 6.9 Slings
 + Level 6.9 Bows
 + Level 6.9 Crossbows
 + Level 6.9 Throwing
 + Level 7.4 Armour
 + Level 8.4 Dodging
 + Level 6.9 Stealth
 + Level 6.9 Shields
 + Level 6.9 Unarmed Combat
 + Level 8.6 Spellcasting
 + Level 5.7 Conjurations
 + Level 5.7 Hexes
 + Level 8.0 Charms
 + Level 5.7 Summonings
 + Level 5.7 Necromancy
 + Level 5.7 Translocations
 + Level 5.7 Transmutations
 + Level 5.7 Fire Magic
 + Level 5.7 Ice Magic
 + Level 5.7 Air Magic
 + Level 5.7 Earth Magic
 + Level 5.7 Poison Magic
 + Level 7.6 Invocations
 + Level 6.9 Evocations


You had 25 spell levels left.
You knew the following spells:

 Your Spells              Type           Power        Failure   Level  Hunger
a - Infusion              Chrm           ####         4%          1    None
b - Song of Slaying       Chrm           #####...     7%          2    None


Dungeon Overview and Level Annotations

Branches:
Dungeon (11/15)            Temple (1/1) D:5            Lair (0/6) D:9
    Orc (0/2) D:10

Altars:
Ashenzari
Cheibriados
Dithmenos
Elyvilon
Fedhas
Gozag
Hepliaklqana
Kikubaaqudgha
Makhleb
Nemelex Xobeh
Okawaru
Qazlal
Ru
Sif Muna
Trog
Uskayaw
Vehumet
Wu Jian
Xom
Yredelemnul
Zin
The Shining One

Shops:
D:4 [[([   D:5 [   D:8 *   D:9 }   D:10 [

Annotations:
D:10 5 runed doors, Maurice


Innate Abilities, Weirdness & Mutations

Your experience applies equally to all skills.
You have very sharp teeth.
Your uncanny sense of smell can sniff out nearby items.
You are surrounded by a moderate repulsion field. (EV +3)
Scrolls take you a little longer to read.
Your muscles are strong. (Str +2)
You evolve.


Message History

You block the deep elf annihilator's attack.
You barely miss the deep elf annihilator.
The deep elf annihilator is severely wounded.
The deep elf annihilator points at you and mumbles some strange words.
The crystal spear hits you!
You miss the deep elf annihilator.
The deep elf annihilator is severely wounded.
The deep elf annihilator gestures at you while chanting.
The crystal spear hits you!
Ouch! That really hurt!
* * * LOW HITPOINT WARNING * * *
Okay, then.
Really read with blurry vision while enemies are nearby?
Okay, then.
Okay, then.
You feel better.
The deep elf annihilator hits you but does no damage.
You are electrocuted!
You die...
Your body crumbles into a pile of gold.

#....######.###........
#.#####.....#.#..........
#.....#############......
#..... $ #.#=....#####..
#..... ###.######....#..
##..... #.# #.#...#####..
.......###.# #.####..#....
.......#.#e# #..(#.###....
........#@#.##...##.......
........#.#e#.............
........###.#.............
........).#.#.............
..........###)............
..........(()......$...###
#...........(..........#
#......................#
'......................+


You could see a deep elf annihilator.

Vanquished Creatures
  A sphinx (D:11)
  Josephine (D:10)
  The ghost of drock42 the Grappler, a journeyman DrTm of Wu Jian (D:9)
  Erica (D:8)
  2 two-headed ogres
  A deep troll earth mage (D:11)
  A skeletal warrior (D:11)
  A deep troll (D:11)
  Pikel (D:7)
  A centaur zombie (D:11)
  Joseph (D:7)
  The ghost of dang3rdave the Cleaver, a novice MiBe of Trog (D:5)
  3 trolls (D:11)
  Prince Ribbit (D:8)
  A hippogriff (D:9)
  Sigmund (D:2)
  3 wraiths (D:10)
  A wyvern (D:7)
  A vampire (D:9)
  A hungry ghost (D:7)
  A steam dragon (D:8)
  Menkaure (D:7)
  Edmund (D:6)
  2 acid dragons (D:11)
  A soldier ant (D:11)
  2 water moccasins
  2 hell hounds (D:9)
  Duvessa (D:7)
  A slave (D:7)
  2 orc warriors
  An ice beast (D:7)
  A sky beast (D:10)
  3 phantoms
  7 ogres
  4 centaurs
  4 bullfrogs
  Dowan (D:7)
  A gnoll sergeant (D:10)
  2 scorpions
  2 water moccasin skeletons
  3 killer bees (D:11)
  4 wights (D:10)
  3 howler monkeys
  6 crimson imps
  A bullfrog zombie (D:5)
  A jelly (D:7)
  7 hounds
  6 orc priests
  A bullfrog skeleton (D:4)
  A centaur skeleton (D:4)
  Jessica (D:3)
  An iguana (D:6)
  Natasha (D:3)
  7 orc wizards
  8 worker ants
  Terence (D:2)
  A hound zombie (D:11)
  5 gnolls
  8 adders
  A howler monkey skeleton (D:4)
  A shadow imp (D:10)
  An ooze (D:1)
  2 adder skeletons
  2 adder zombies (D:8)
  3 worms (D:2)
  A dart slug (D:2)
  4 leopard geckos
  43 orcs
  10 bats
  6 giant cockroaches
  9 goblins
  10 hobgoblins
  11 jackals
  5 quokkas
  6 frilled lizards
  11 kobolds
  A leopard gecko skeleton (D:3)
  A quokka skeleton (D:8)
  A quokka zombie (D:7)
  10 rats
270 creatures vanquished.

Vanquished Creatures (others)
  A slave (D:7)
  An orc (D:11)
  2 plants (D:5)
4 creatures vanquished.

Grand Total: 274 creatures vanquished

Notes
Turn   | Place    | Note
-------+----------+-------------------------------------------
     0 | D:1      | wolfsongas the Gnoll Skald began the quest for the Orb.
     0 | D:1      | Reached XP level 1. HP: 20/20 MP: 6/6
   166 | D:1      | Reached XP level 2. HP: 26/26 MP: 7/7
   400 | D:1      | Reached skill level 5 in Spellcasting
   400 | D:1      | Reached XP level 3. HP: 29/31 MP: 7/9
   884 | D:2      | Reached skill level 1 in Invocations
   974 | D:2      | Found a glowing silver altar of Zin.
  1067 | D:2      | Noticed Terence
  1088 | D:2      | Killed Terence
  1088 | D:2      | Reached skill level 1 in Short Blades
  1088 | D:2      | Reached skill level 1 in Long Blades
  1088 | D:2      | Reached skill level 1 in Axes
  1088 | D:2      | Reached skill level 1 in Polearms
  1088 | D:2      | Reached skill level 1 in Staves
  1088 | D:2      | Reached skill level 1 in Slings
  1088 | D:2      | Reached skill level 1 in Bows
  1088 | D:2      | Reached skill level 1 in Crossbows
  1088 | D:2      | Reached skill level 1 in Throwing
  1088 | D:2      | Reached skill level 1 in Stealth
  1088 | D:2      | Reached skill level 1 in Shields
  1088 | D:2      | Reached skill level 1 in Unarmed Combat
  1088 | D:2      | Reached skill level 1 in Evocations
  1088 | D:2      | Reached XP level 4. HP: 15/38 MP: 11/11
  1599 | D:2      | Reached skill level 1 in Conjurations
  1599 | D:2      | Reached skill level 1 in Hexes
  1599 | D:2      | Reached skill level 1 in Summonings
  1599 | D:2      | Reached skill level 1 in Necromancy
  1599 | D:2      | Reached skill level 1 in Translocations
  1599 | D:2      | Reached skill level 1 in Transmutations
  1599 | D:2      | Reached skill level 1 in Fire Magic
  1599 | D:2      | Reached skill level 1 in Ice Magic
  1599 | D:2      | Reached skill level 1 in Air Magic
  1599 | D:2      | Reached skill level 1 in Earth Magic
  1599 | D:2      | Reached skill level 1 in Poison Magic
  1730 | D:2      | Noticed Sigmund
  1760 | D:2      | HP: 1/38 [something (1)]
  1763 | D:2      | Killed Sigmund
  1763 | D:2      | Reached XP level 5. HP: 1/43 MP: 12/12
  1763 | D:2      | Reached XP level 6. HP: 2/50 MP: 13/13
  2386 | D:3      | Learned a level 2 spell: Song of Slaying
  2462 | D:3      | Noticed Jessica
  2465 | D:3      | Killed Jessica
  2465 | D:3      | Reached skill level 5 in Fighting
  2465 | D:3      | Reached skill level 5 in Maces & Flails
  2465 | D:3      | Reached skill level 5 in Dodging
  2543 | D:3      | Found an ancient bone altar of Kikubaaqudgha.
  2660 | D:3      | Noticed Natasha
  2665 | D:3      | Killed Natasha
  3034 | D:3      | Gained mutation: Scrolls take you a little longer to read. [potion of mutation]
  3034 | D:3      | Gained mutation: Your muscles are strong. (Str +2) [potion of mutation]
  3034 | D:3      | Gained mutation: You evolve. [potion of mutation]
  3034 | D:3      | Gained mutation: You are surrounded by a mild repulsion field. (EV +2) [potion of mutation]
  3118 | D:4      | Found Fayggaa's Antique Armour Shoppe.
  3123 | D:4      | Reached XP level 7. HP: 56/56 MP: 11/15
  3136 | D:4      | Bought a pair of glowing boots for 195 gold pieces
  3141 | D:4      | Identified a +0 pair of boots of running (You bought it in a shop on level 4 of the Dungeon)
  3154 | D:4      | Found an ornate altar of the Wu Jian Council.
  3231 | D:4      | Got a smoking plate armour
  3242 | D:4      | Identified the +7 plate armour of the Unseen Realm {SInv} (You found it on level 4 of the Dungeon)
  3329 | D:4      | Found Jeofiacu's Antique Armour Boutique.
  3405 | D:4      | Found an opulent altar of Gozag.
  3631 | D:4      | Found Mose's Antique Weapon Shop.
  3641 | D:4      | Found Cuwnypt's Armour Shoppe.
  3740 | D:5      | Entered Level 5 of the Dungeon
  3873 | D:5      | Found a sparkling altar of Nemelex Xobeh.
  4009 | D:5      | Reached XP level 8. HP: 50/63 MP: 16/16
  4016 | D:5      | Found a staircase to the Ecumenical Temple.
  4242 | D:5      | Noticed dang3rdave's ghost (novice MiBe)
  4267 | D:5      | Killed dang3rdave's ghost
  4534 | D:5      | Found Mymoybaemmus's Antique Armour Emporium.
  4797 | Temple   | Entered the Ecumenical Temple
  5039 | D:4      | Became a worshipper of Gozag Ym Sagoz the Greedy
  5091 | D:6      | Noticed Edmund
  5094 | D:6      | Reached XP level 9. HP: 53/69 MP: 18/18
  5100 | D:6      | Killed Edmund
  5674 | D:6      | Found a shadowy altar of Dithmenos.
  5766 | D:7      | Noticed Duvessa
  5769 | D:7      | Noticed Dowan
  5774 | D:7      | Reached skill level 5 in Armour
  5780 | D:7      | Killed Duvessa
  5790 | D:7      | Killed Dowan
  5961 | D:7      | Found a blossoming altar of Fedhas.
  6080 | D:7      | Reached skill level 5 in Invocations
  6243 | D:7      | Found an iron altar of Okawaru.
  6261 | D:7      | Noticed Joseph
  6288 | D:7      | Killed Joseph
  6288 | D:7      | Reached XP level 10. HP: 73/77 MP: 20/20
  6300 | D:7      | Got a crystal mace
  6303 | D:7      | Identified the +10 mace of Infection {flame, Str+4 Dex+4} (You found it on level 7 of the Dungeon)
  6515 | D:7      | Noticed Pikel
  6516 | D:7      | Noticed Menkaure
  6522 | D:7      | Killed Pikel
  6524 | D:7      | Killed Menkaure
  6629 | D:8      | Reached skill level 5 in Short Blades
  6629 | D:8      | Reached skill level 5 in Long Blades
  6629 | D:8      | Reached skill level 5 in Axes
  6629 | D:8      | Reached skill level 5 in Polearms
  6629 | D:8      | Reached skill level 5 in Staves
  6629 | D:8      | Reached skill level 5 in Slings
  6629 | D:8      | Reached skill level 5 in Bows
  6629 | D:8      | Reached skill level 5 in Crossbows
  6629 | D:8      | Reached skill level 5 in Throwing
  6629 | D:8      | Reached skill level 5 in Stealth
  6629 | D:8      | Reached skill level 5 in Shields
  6629 | D:8      | Reached skill level 5 in Unarmed Combat
  6629 | D:8      | Reached skill level 5 in Evocations
  7018 | D:8      | Noticed Prince Ribbit
  7036 | D:8      | Killed Prince Ribbit
  7063 | D:8      | Gained mutation: You are surrounded by a moderate repulsion field. (EV +3) [evolution]
  7065 | D:8      | Found Cauxziy's General Store.
  7196 | D:8      | Noticed Erica
  7204 | D:8      | Killed Erica
  7294 | D:8      | Found a sacrificial altar of Ru.
  7471 | D:9      | Found a staircase to the Lair.
  7517 | D:9      | Found Ralad's Gadget Shoppe.
  7555 | D:9      | Noticed drock42's ghost (journeyman DrTm)
  7565 | D:9      | Killed drock42's ghost
  7700 | D:9      | Noticed a two-headed ogre
  7710 | D:9      | Killed a two-headed ogre
  7710 | D:9      | Reached XP level 11. HP: 66/84 MP: 22/22
  8082 | D:10     | Entered Level 10 of the Dungeon
  8122 | D:10     | Found Xolagruje's Antique Armour Emporium.
  8174 | D:10     | Found a staircase to the Orcish Mines.
  8231 | D:10     | Noticed Maurice
  8235 | D:10     | Found the +9 staff of Olgreb {rPois}
  8238 | D:10     | Found a runed door.
  8253 | D:10     | Found a runed door.
  8258 | D:10     | Found a runed gate.
  8405 | D:10     | Found a runed gate.
  8405 | D:10     | Found a runed gate.
  8506 | D:10     | Noticed Josephine
  8510 | D:10     | Reached skill level 5 in Conjurations
  8510 | D:10     | Reached skill level 5 in Hexes
  8510 | D:10     | Reached skill level 5 in Summonings
  8510 | D:10     | Reached skill level 5 in Necromancy
  8510 | D:10     | Reached skill level 5 in Translocations
  8510 | D:10     | Reached skill level 5 in Transmutations
  8510 | D:10     | Reached skill level 5 in Fire Magic
  8510 | D:10     | Reached skill level 5 in Ice Magic
  8510 | D:10     | Reached skill level 5 in Air Magic
  8510 | D:10     | Reached skill level 5 in Earth Magic
  8510 | D:10     | Reached skill level 5 in Poison Magic
  8526 | D:10     | Killed Josephine
  8569 | D:10     | Noticed a two-headed ogre
  8577 | D:10     | Killed a two-headed ogre
  8658 | D:10     | Bought a blackened helmet for 294 gold pieces
  8660 | D:10     | Identified the +2 helmet of Defiance {Int+2} (You bought it in a shop on level 10 of the Dungeon)
  8903 | D:11     | Noticed a skeletal warrior
  8904 | D:11     | Noticed a sphinx
  8917 | D:11     | Killed a skeletal warrior
  8924 | D:11     | Paralysed by a sphinx for 3 turns
  8932 | D:11     | Killed a sphinx
  9130 | D:11     | Noticed a deep troll earth mage
  9132 | D:11     | Reached XP level 12. HP: 72/93 MP: 24/24
  9136 | D:11     | Killed a deep troll earth mage
  9351 | D:11     | Noticed a deep elf annihilator
  9361 | D:11     | HP: 1/94 [deep elf annihilator/crystal spear (52)]
  9362 | D:11     | Slain by a deep elf annihilator

Vault maps used:
D:1:      dpeg_arrival_chase, minmay_circled_x
D:2:      minmay_diamond_boxcup, lemuel_doored_altar, uniq_sigmund, uniq_terence
D:3:      old_standard_altar, uniq_jessica, uniq_natasha
D:4:      nicolae_overflow_crystal_walls, old_standard_altar, first_ration,
          serial_shops, shop, nicolae_shop_stone, shop, kennysheep_mini
D:5:      nemelex_xobeh_ov_fountains_minmay,
          minmay_temple_entry_enclosed_plants, serial_shops,
          kennysheep_mini_moat
D:6:      nicolae_overflow_hidden_temple, minmay_misc_feat_nine_boxes,
          uniq_edmund
D:7:      fedhas_altar_3, okawaru_trees_1, grunt_ogre_cave, uniq_duvessa,
          uniq_menkaure, uniq_pikel, uniq_joseph
D:8:      lemuel_coloured_pillars_altar, serial_shops, shop, interstate_on_off,
          uniq_erica, uniq_prince_ribbit1
D:9:      minmay_lair_entry_lava, serial_shops, shop_fountains,
          kennysheep_generic_room_6
D:10:     orc_0_dummy, serial_shops, nicolae_shop_statue_plus,
          minmay_guarded_unrand_staff_of_olgreb, uniq_maurice, uniq_josephine
D:11:     minmay_chopped_fan, uniq_gastronok
Temple:   nicolae_temple_figure_eight

Skill      XL: |  1  2  3  4  5  6  7  8  9 10 11 12 |
---------------+-------------------------------------+-----
Spellcasting   | 5 6 7 8 |  8.6
Invocations    | 1 2 3 4 5 6 7 |  7.6
Short Blades   | 1 2 3 4 5 6 |  6.9
Long Blades    | 1 2 3 4 5 6 |  6.9
Axes           | 1 2 3 4 5 6 |  6.9
Polearms       | 1 2 3 4 5 6 |  6.9
Staves         | 1 2 3 4 5 6 |  6.9
Slings         | 1 2 3 4 5 6 |  6.9
Bows           | 1 2 3 4 5 6 |  6.9
Crossbows      | 1 2 3 4 5 6 |  6.9
Throwing       | 1 2 3 4 5 6 |  6.9
Stealth        | 1 2 3 4 5 6 |  6.9
Shields        | 1 2 3 4 5 6 |  6.9
Unarmed Combat | 1 2 3 4 5 6 |  6.9
Evocations     | 1 2 3 4 5 6 |  6.9
Conjurations   | 1 2 3 4 5 |  5.7
Hexes          | 1 2 3 4 5 |  5.7
Summonings     | 1 2 3 4 5 |  5.7
Necromancy     | 1 2 3 4 5 |  5.7
Translocations | 1 2 3 4 5 |  5.7
Transmutations | 1 2 3 4 5 |  5.7
Fire Magic     | 1 2 3 4 5 |  5.7
Ice Magic      | 1 2 3 4 5 |  5.7
Air Magic      | 1 2 3 4 5 |  5.7
Earth Magic    | 1 2 3 4 5 |  5.7
Poison Magic   | 1 2 3 4 5 |  5.7
Armour         | 3 4 5 6 7 |  7.4
Fighting       | 5 6 7 8 |  8.4
Maces & Flails | 5 6 7 8 |  8.4
Dodging        | 5 6 7 8 |  8.4
Charms         | 6 7 8 |  8.0

Action                   |  1- 3 |  4- 6 |  7- 9 | 10-12 || total
-------------------------+-------+-------+-------+-------++-------
Melee: Mace              |    96 |   148 |   107 |   310 ||   661
       Bite              |     6 |    15 |    38 |    52 ||   111
       Punch             |       |     1 |     3 |       ||     4
       Flail             |       |       |    73 |       ||    73
       Battleaxe         |       |       |   109 |       ||   109
 Cast: Infusion          |       |     3 |       |       ||     3
  Use: Potion            |     1 |     1 |     6 |     6 ||    14
       Scroll            |     7 |     7 |     6 |     3 ||    23
 Stab: Sleeping          |     2 |       |       |       ||     2
       Distracted        |       |       |     3 |     3 ||     6
       Invisible         |       |       |       |     2 ||     2
  Eat: Chunk             |     1 |     3 |     4 |       ||     8
       Ration            |       |     1 |     2 |     4 ||     7
Armor: Leather armour    |    33 |       |       |       ||    33
       Scale mail        |       |    81 |     5 |       ||    86
       Plate armour      |       |       |   225 |   127 ||   352
Dodge: Dodged            |    73 |    85 |   179 |   193 ||   530
Block: Buckler           |       |       |       |   132 ||   132

Table legend:
 A = Spawn XP
 B = Non-spawn XP
 C = Spawn XP percentage of total XP
 D = Spawn monster count
 E = Non-spawn monster count
 F = Spawn count percentage of total count
 G = Total turns spent on level
                    A         B        C        D         E        F      G
               +---------+---------+-------+---------+---------+-------+---------
         Total |       0 |   21288 |   0.0 |       0 |     269 |   0.0 |  9362
               +---------+---------+-------+---------+---------+-------+---------
           D:1 |       0 |      53 |   0.0 |       0 |      28 |   0.0 |   799
           D:2 |       0 |     352 |   0.0 |       0 |      32 |   0.0 |  1501
           D:3 |       0 |     155 |   0.0 |       0 |      23 |   0.0 |   815
           D:4 |       0 |     357 |   0.0 |       0 |      14 |   0.0 |   661
           D:5 |       0 |    1363 |   0.0 |       0 |      23 |   0.0 |  1105
           D:6 |       0 |     836 |   0.0 |       0 |      22 |   0.0 |   692
           D:7 |       0 |    2405 |   0.0 |       0 |      24 |   0.0 |   856
           D:8 |       0 |    1812 |   0.0 |       0 |      20 |   0.0 |   782
           D:9 |       0 |    2971 |   0.0 |       0 |      17 |   0.0 |   678
          D:10 |       0 |    4047 |   0.0 |       0 |      40 |   0.0 |   741
          D:11 |       0 |    6937 |   0.0 |       0 |      26 |   0.0 |   539
               +---------+---------+-------+---------+---------+-------+---------
